 Dungeon Crawl Stone Soup version 0.29.0-4-gdea44cf6ec (webtiles) character file.

Game seed: 8513028956649387787

18 qw the Chopper (level 2, -1/17 HPs)
             Began as a Tengu Warper on Aug 28, 2022.
             Slain by Sigmund
             ... wielding a +2 scythe of freezing
              (3 damage)
             ... on level 2 of the Dungeon.
             The game lasted 00:00:06 (760 turns).

qw the Chopper (Tengu Warper)                        Turns: 760, Time: 00:00:06

Health: -1/17      AC:  3    Str: 11    XL:     2   Next: 70%
Magic:  6/6        EV: 11    Int: 13    God:
Gold:   50         SH:  0    Dex: 13    Spells: 5/5 levels left

rFire   . . .      SeeInvis .   Y - +2 hand axe
rCold   . . .      Faith    .   (no shield)
rNeg    + . .      Spirit   .   b - +0 leather armour
rPois   .          Reflect  .   (helmet restricted)
rElec   .          Harm     .   (no cloak)
rCorr   .          Rampage  .   (no gloves)
Will    .....                   (boots unavailable)
Stlth   +.........              (no amulet)
HPRegen 0.05/turn               j - ring of positive energy
MPRegen 0.10/turn               (no ring)

@: no status effects
A: beak, talons 3
a: no special abilities


You were on level 2 of the Dungeon.
You visited 1 branch of the dungeon, and saw 2 of its levels.

You collected 50 gold pieces.


Innate Abilities, Weirdness & Mutations

You have a beak for a mouth.
You have claws for feet.


   Skills:
 - Level 2.0 Fighting
 + Level 3.5 Axes
 - Level 1.0 Throwing
 - Level 1.1 Armour
 - Level 2.1 Dodging
 - Level 2.0 Spellcasting
 - Level 2.4 Translocations


You had 5 spell levels left.
You didn't know any spells.
Your spell library contained the following spells:

 Spells                   Type           Power      Damage    Failure   Level
 Blink                    Tloc           14%        N/A       19%         2
 Gell's Gravitas          Tloc           7%         N/A       36%         3
 Lesser Beckoning         Tloc           7%         N/A       36%         3
 Teleport Other           Tloc           7%         N/A       36%         3
 Manifold Assault         Tloc           7%         N/A       98%         5

Inventory:

Hand Weapons
 e - a +0 club
 Y - a +2 hand axe (weapon)
Armour
 b - a +0 leather armour (worn)
Jewellery
 j - a ring of positive energy (left hand)
Potions
 d - a potion of mutation {unknown}
 f - a potion of lignification {unknown}
 n - a potion of brilliance {unknown}

Dungeon Overview and Level Annotations

Branches:
Dungeon (2/15)

Altars:

Annotations:
D:2 Sigmund


Message History

You assume a fearsome visage.
Nothing appears to happen.
It was a scroll of fear.
Done exploring.
613 ||| DROPPING scroll of blinking.
You drop a scroll of blinking.
Done exploring.
614 ||| DROPPING scroll of fog.
You drop a scroll of fog.
Done exploring.
(D) Dungeon
Where to? (* - list waypoints, ? - help)
What level of the Dungeon? (default 1, ? - help)
There is a stone staircase leading down here.
You climb downwards.
Found a scroll labelled KEWNEO PAHALL.
There is a stone staircase leading up here.
Sigmund is nearby!
Existing waypoints: (2) D:1 Assign waypoint to what number? (0-9, D - delete waypoint) Waypoint 1 assigned to D:2.
653 ||| Stepping ~*~*~tactically~*~*~ (hiding).
You start waiting.
Done waiting.
Sigmund shouts!
You hear a shout!
A ball python comes into view.
Sigmund casts a spell.
Sigmund flickers and vanishes!
Deactivating autopickup; reactivate with Ctrl-A.
There is a stone staircase leading up here.
755 ||| Stepping ~*~*~tactically~*~*~ (stealth).
You swing at nothing.
You swing at nothing.
A magic dart appears from out of thin air!
The magic dart hits you.
You swing at nothing.
A magic dart appears from out of thin air!
The magic dart hits you.
You swing at nothing.
You swing at nothing.
Something hits you! Something freezes you.
You die...

###
..
##.#
##..#
##.@#
#.<##
#?##
#. ..
.#.
#.#.
# S.
..


There were no monsters in sight!

Vanquished Creatures
  An endoplasm (D:1)
  2 giant cockroaches (D:1)
  A goblin (D:1)
  3 hobgoblins (D:1)
  2 quokkas (D:1)
  2 ball pythons (D:1)
  A bat (D:1)
  A frilled lizard (D:1)
  2 kobolds (D:1)
  2 rats (D:1)
17 creatures vanquished.

Notes
Turn   | Place    | Note
-------+----------+-------------------------------------------
     0 | D:1      | qw the Tengu Warper began the quest for the Orb.
     0 | D:1      | Reached XP level 1. HP: 12/12 MP: 4/4
     0 | D:1      | 0 ||| qw: Version: 0.1-a-89-g26bdef1
     0 | D:1      | 0 ||| qw: Game counter: 726
     0 | D:1      | 0 ||| qw: Always use a shield: true
     0 | D:1      | 0 ||| qw: God list: Okawaru
     0 | D:1      | 0 ||| qw: Allow faded altars: false
     0 | D:1      | 0 ||| qw: Do Orc after D:15 true
     0 | D:1      | 0 ||| qw: Do second Lair branch before Depths: true
     0 | D:1      | 0 ||| qw: Lair rune preference: random
     0 | D:1      | 0 ||| qw: Plans: Normal
     0 | D:1      | 0 ||| PLANNING D:1-11
    14 | D:1      | 14 ||| Stepping ~*~*~tactically~*~*~ (stealth).
   106 | D:1      | 106 ||| Stepping ~*~*~tactically~*~*~ (stealth).
   150 | D:1      | 150 ||| Stepping ~*~*~tactically~*~*~ (stealth).
   151 | D:1      | 151 ||| Stepping ~*~*~tactically~*~*~ (stealth).
   153 | D:1      | 153 ||| Stepping ~*~*~tactically~*~*~ (stealth).
   154 | D:1      | 154 ||| Stepping ~*~*~tactically~*~*~ (stealth).
   155 | D:1      | 155 ||| Stepping ~*~*~tactically~*~*~ (stealth).
   157 | D:1      | 157 ||| Stepping ~*~*~tactically~*~*~ (stealth).
   340 | D:1      | Reached XP level 2. HP: 17/17 MP: 6/6
   358 | D:1      | Reached skill level 3 in Axes
   602 | D:1      | 602 ||| UPGRADING to ring of positive energy.
   603 | D:1      | 603 ||| READING scroll labelled RUXKOB EZUCYI.
   604 | D:1      | 604 ||| READING 2 scrolls labelled OLULUBL JUESH.
   605 | D:1      | 605 ||| READING scroll labelled VUAW JYCZOTUB.
   608 | D:1      | 608 ||| READING scroll labelled WUF QIOQAXOZIU.
   609 | D:1      | 609 ||| READING scroll labelled JETUEDGHISK.
   610 | D:1      | 610 ||| READING 2 scrolls labelled LETUPTU EZAMM.
   611 | D:1      | 611 ||| READING scroll of enchant weapon.
   611 | D:1      | 611 ||| ENCHANTING +1 hand axe.
   612 | D:1      | 612 ||| READING scroll labelled GUWKIH XUILEJORRE.
   613 | D:1      | 613 ||| DROPPING scroll of blinking.
   614 | D:1      | 614 ||| DROPPING scroll of fog.
   652 | D:2      | Noticed Sigmund
   653 | D:2      | 653 ||| Stepping ~*~*~tactically~*~*~ (hiding).
   755 | D:2      | 755 ||| Stepping ~*~*~tactically~*~*~ (stealth).
   760 | D:2      | HP: 2/17 [something (8)]
   760 | D:2      | Slain by Sigmund

Levels and vault maps discovered:
D:1:      dpeg_arrival_line_fractal, layout_rooms, hex_large,
          minmay_tromino_v4_a
D:2:      layout_rooms, chequers_ecumenical_altar_island, eino_curves_02,
          uniq_terence, uniq_sigmund, uniq_robin

Skill      XL: |  1  2 |
---------------+-------+-----
Axes           | 3 |  3.5
Fighting       | |  2.0
Throwing       | |  1.0
Armour         | |  1.1
Dodging        | |  2.1
Spellcasting   | |  2.0
Translocations | |  2.4

Action                   || total
-------------------------++-------
Melee: Hand axe          ||    32
       Kick              ||     8
       Peck              ||     4
Throw: Boomerang         ||     7
  Use: Scroll            ||     8
Armor: Leather armour    ||    10
Dodge: Dodged            ||    14

Table legend:
 A = Non-vault XP
 B = Vault XP
 C = Vault XP percentage of total XP
 D = Non-vault monster count
 E = Vault monster count
 F = Vault count percentage of total count
                 A         B        C        D         E       F
            +---------+---------+-------+---------+---------+-------
      Total |      22 |       5 |  18.5 |      14 |       3 |  17.6
            +---------+---------+-------+---------+---------+-------
        D:1 |      22 |       5 |  18.5 |      14 |       3 |  17.6
            +---------+---------+-------+---------+---------+-------
